 Dungeon Crawl Stone Soup version 0.30.0-5-g1a98f26d00 (webtiles) character file.

Game seed: 5113857866680934219

174 GigaChad the Shield-Bearer (level 5, -5/42 HPs)
             Began as a Formicid Fighter on May 10, 2023.
             Killed by divine providence
             ... invoked by an orc priest
              (15 damage)
             ... on level 3 of the Dungeon.
             The game lasted 00:03:32 (1767 turns).

GigaChad the Shield-Bearer (Formicid Fighter)       Turns: 1767, Time: 00:03:33

Health: -5/42      AC: 13    Str: 23    XL:     5   Next: 84%
Magic:  5/5        EV: 10    Int:  7    God:
Gold:   88         SH:  5    Dex: 13    Spells: 4/4 levels left

rFire   . . .        a - +0 war axe
rCold   . . .        c - +0 buckler
rNeg    . . .        b - +1 scale mail
rPois   .            (helmet unavailable)
rElec   .            i - +0 cloak
rCorr   .            (no gloves)
SInv    +            (no boots)
Will    .....        (no amulet) Stlth
                     p - +4 ring of protection
HPRegen 0.27/turn    (no ring)
MPRegen 0.09/turn

%: no passive effects
@: no status effects
A: permanent stasis, dig shafts and tunnels, antennae 3, four strong arms
a: Dig, Shaft Self


You were on level 3 of the Dungeon.
You visited 1 branch of the dungeon, and saw 3 of its levels.

You collected 88 gold pieces.

Inventory:

Hand Weapons
 a - a +0 war axe (weapon)
Missiles
 n - a throwing net
Armour
 b - a +1 scale mail (worn)
 c - a +0 buckler (worn)
 i - a +0 cloak (worn)
Jewellery
 p - a +4 ring of protection (left hand)
Scrolls
 f - a scroll of poison
 g - 2 scrolls of torment
 k - a scroll of blinking
 o - 2 scrolls of identify
 q - a scroll of fog {unknown}
Potions
 d - 2 potions of might
 e - a potion of lignification {unknown}
 h - 2 potions of curing {unknown}
 j - 3 potions of attraction {unknown}
 l - 2 potions of flight {unknown}
 m - 2 potions of mutation {unknown}
 r - a potion of heal wounds {unknown}


   Skills:
 + Level 3.9 Fighting
 + Level 4.1 Axes
 + Level 3.9 Armour
 + Level 0.9 Dodging
 + Level 1.1 Stealth
 + Level 4.7 Shields


You had 4 spell levels left.
You didn't know any spells.
Your spell library was empty.

Dungeon Overview and Level Annotations

Branches:
Dungeon (3/15)

Altars:


Innate Abilities, Weirdness & Mutations

You cannot be hasted, slowed, berserked, paralysed or teleported.
You can dig through walls and to a lower floor.
You have a pair of large antennae on your head. (SInv)
Your four strong arms can wield two-handed weapons with a shield.


Message History

You slash the orc!
You kill the orc!
The orc wizard casts a spell.
The orc wizard flickers and vanishes for a moment.
You hear a shout! x2
Things that are here:
a +0 falchion; an orc corpse; a hobgoblin corpse You closely miss the orc priest.
An orc comes into view. It is wielding a +0 whip.
The orc priest closely misses you.
The orc priest calls down the wrath of Beogh upon you.
Beogh smites you!
You hit the orc priest.
The orc priest is moderately wounded.
An orc priest comes into view. It is wielding a +0 hand axe.
You completely miss the orc priest.
The orc priest is moderately wounded.
The orc priest shouts!
You hit the orc. You block the orc priest's attack.
The orc hits you with a +2 vampiric dagger.
You slash the orc!
You kill the orc!
You hit the orc priest.
The orc priest calls down the wrath of Beogh upon you.
Beogh smites you!
* * * LOW HITPOINT WARNING * * *
The orc wizard hits you but does no damage.
The orc priest barely misses you.
You are too injured to fight recklessly!
Unknown command.
Unknown command.
Unknown command.
You are too injured to fight recklessly!
Unknown command.
You are too injured to fight recklessly!
Are you sure you want to shaft yourself?
The orc wizard hits you but does no damage.
The orc priest mumbles some strange prayers to Beogh against you.
Beogh smites you!
You die...

#####
####..###......
#...#####....##
##.....
#[........####
#####.
#...#######
#.... #####
#######.##.
#.......###
#######.#######
# ###)......# {
#o@.#######
#o### ..o
{.o... o..####
.. #


You could see 2 orc priests, an orc wizard (invisible) and 2 orcs.

Vanquished Creatures
  A howler monkey (D:3)
  Robin (D:3)
  3 adders
  A worm (D:3)
  2 dart slugs
  2 orcs (D:3)
  8 ball pythons
  5 endoplasms
  2 giant cockroaches
  15 goblins
  8 hobgoblins
  6 jackals
  2 quokkas (D:2)
  8 bats
  3 frilled lizards
  7 kobolds
  5 rats
79 creatures vanquished.

Notes
Turn   | Place    | Note
-------+----------+-------------------------------------------
     0 | D:1      | GigaChad the Formicid Fighter began the quest for the Orb.
     0 | D:1      | Reached XP level 1. HP: 18/18 MP: 1/1
    66 | D:1      | Reached XP level 2. HP: 15/24 MP: 2/2
   270 | D:1      | Reached XP level 3. HP: 29/29 MP: 3/3
   820 | D:2      | Reached XP level 4. HP: 34/35 MP: 4/4
  1128 | D:3      | Noticed Robin
  1150 | D:3      | Killed Robin
  1151 | D:3      | Reached XP level 5. HP: 19/42 MP: 5/5
  1418 | D:3      | Reached skill level 1 in Stealth
  1480 | D:3      | Found a faded altar of an unknown god.
  1767 | D:3      | Killed from afar by an orc priest

Illustrated notes

Levels and vault maps discovered:
D:1:      heliophobic_arrival_battle_scene, layout_basic,
          minmay_misc_feat_cross, corexii_leaking_fountain
D:2:      layout_rooms, minmay_misc_feat_diagonals
D:3:      layout_rooms, shapermc_ecumenical_altar_notcrosses, uniq_robin

Skill      XL: |  1  2  3  4  5 |
---------------+----------------+-----
Axes           | 3 4 |  4.1
Stealth        | 1 |  1.1
Fighting       | |  3.9
Armour         | |  3.9
Dodging        | |  0.9
Shields        | |  4.7

Action                     |  1- 3 |  4- 6 || total
---------------------------+-------+-------++-------
  Melee: War axe           |    80 |    98 ||   178
Ability: Shaft Self        |       |     1 ||     1
    Use: Scroll            |     4 |     4 ||     8
 Armour: Scale mail        |    58 |    57 ||   115
  Dodge: Dodged            |    52 |    48 ||   100
  Block: Buckler           |    29 |    22 ||    51
